 Dungeon Crawl Stone Soup version 0.19-a0-823-gd955774 (webtiles) character file.

280 Jojapa the Cudgeler (level 6, 0/38 HPs)
             Began as a Gargoyle Fighter on June 30, 2016.
             Killed by divine providence
             ... invoked by an orc priest
              (15 damage)
             ... on level 4 of the Dungeon.
             The game lasted 00:06:04 (3098 turns).

Jojapa the Cudgeler (Gargoyle Fighter)              Turns: 3098, Time: 00:06:05

Health: 0/38       AC: 11    Str: 19    XL:     6   Next: 27%
Magic:  6/6        EV:  7    Int:  9    God:
Gold:   137        SH:  9    Dex: 11    Spells: 0 memorised, 5 levels left

rFire  . . .     SeeInvis .     a - +0 flail
rCold  . . .     Gourm    .     b - +0 scale mail
rNeg   + . .     Faith    .     c - +0 shield
rPois  ∞         Spirit   .     (no helmet)
rElec  +         Dismiss  .     (no cloak)
rCorr  .         Reflect  .     (no gloves)
SustAt +         Harm     .     (no boots)
MR     .....                    l - amulet of rage (curse)
Stlth  ..........               u - ring of flight
                                h - ring of sustain attributes

@: not resistant to hostile enchantments, extremely unstealthy
A: negative energy resistance 1, electricity resistance, unbreathing,
petrification resistance, rot immunity, AC +4
a: Evoke Berserk Rage, Evoke Flight


You were on level 4 of the Dungeon.
You were not hungry.

You visited 1 branch of the dungeon, and saw 4 of its levels.

You collected 137 gold pieces.

Inventory:

Hand Weapons
 a - a +0 flail (weapon)
Armour
 b - a +0 scale mail (worn)
 c - a +0 shield (worn)
 o - a +0 chain mail
Jewellery
 h - a ring of sustain attributes (left hand)
 k - an uncursed amulet of dismissal
 l - a cursed amulet of rage (around neck)
 u - a ring of flight (right hand)
Scrolls
 e - 3 scrolls of identify {unknown}
 j - 2 scrolls of amnesia {unknown}
 n - a scroll of random uselessness {unknown}
 v - a scroll of enchant armour {unknown}
 x - a scroll of fear {unknown}
 y - a scroll of blinking {unknown}
 z - a scroll of recharging {unknown}
Potions
 d - a potion of might
 g - a potion of haste {unknown}
 m - 3 potions of curing {unknown}
 p - a potion of resistance
 q - a potion of agility {unknown}
 s - a potion of lignification {unknown}
 w - a potion of flight {unknown}
Comestibles
 f - 2 bread rations
 i - a meat ration
 r - 10 chunks of flesh
 t - 7 fruits


   Skills:
 + Level 4.1 Fighting
 * Level 4.6 Maces & Flails
 - Level 4.2 Armour
 + Level 4.3 Shields


You had 5 spell levels left.
You didn't know any spells.

Dungeon Overview and Level Annotations

Branches:
Dungeon (4/15)
 Temple: D:4-7

Altars:
Ashenzari
Nemelex Xobeh
Pakellas
Trog


Innate Abilities, Weirdness & Mutations

You are resistant to torment.
Your stone body is resilient. (AC +4)
You are immune to poison.
You resist negative energy. (rN+)
You are resistant to electric shocks. (rElec)
You can survive without breathing.
You are immune to petrification.
You are immune to rotting.


Message History

The orc priest is heavily wounded.
The orc priest calls down the wrath of Beogh upon you.
Pain shoots through your body!
You barely miss the orc priest.
The orc priest is heavily wounded.
You block the orc priest's attack.
You closely miss the orc priest.
The orc priest is heavily wounded.
The orc priest calls down the wrath of Beogh upon you.
Pain shoots through your body!
* * * LOW HITPOINT WARNING * * *
The orc priest hits you but does no damage.
You barely miss the orc priest.
The orc priest is heavily wounded.
The orc priest closely misses you.
You closely miss the orc priest.
The orc priest is heavily wounded.
The orc priest mumbles some strange prayers to Beogh against you.
Beogh smites you!
You die...

##########
#<......>.
#.######## #(#
#@# #o#
#########.#
#.o..o....#
#.######### #)#
#[#
#o##############
#....o..........


You could see an orc priest.

Vanquished Creatures
  The ghost of WITCHCRAFT the Ruffian, an amateur VSTm (D:3)
  A hound zombie (D:4)
  A hound skeleton (D:3)
  4 adders
  A river rat (D:3)
  An ooze (D:1)
  2 worms
  2 dart slugs (D:1)
  5 giant geckos
  10 orcs
  6 giant cockroaches
  10 goblins
  5 hobgoblins
  A jackal (D:2)
  6 kobolds
  2 quokkas (D:2)
  12 bats
  A giant newt (D:1)
  9 rats
80 creatures vanquished.

Notes
Turn   | Place    | Note
--------------------------------------------------------------
     0 | D:1      | Jojapa the Gargoyle Fighter began the quest for the Orb.
     0 | D:1      | Reached XP level 1. HP: 14/14 MP: 1/1
    37 | D:1      | Reached XP level 2. HP: 6/19 MP: 2/2
   441 | D:1      | Reached XP level 3. HP: 19/24 MP: 3/3
   571 | D:1      | Found a shattered altar of Ashenzari.
  1145 | D:2      | Reached XP level 4. HP: 19/29 MP: 4/4
  1575 | D:2      | Found a sparkling altar of Nemelex Xobeh.
  1575 | D:2      | Found a shattered altar of Ashenzari.
  1811 | D:3      | Noticed WITCHCRAFT's ghost (amateur VSTm)
  1823 | D:3      | Killed WITCHCRAFT's ghost
  1823 | D:3      | Reached XP level 5. HP: 23/33 MP: 5/5
  1977 | D:3      | Found an oddly glowing altar of Pakellas.
  2223 | D:3      | Found a bloodstained altar of Trog.
  2631 | D:3      | Reached XP level 6. HP: 35/38 MP: 6/6
  3098 | D:4      | Killed from afar by an orc priest

Vault maps used:
D:1:      scummos_arrival_gate, nicolae_ashenzari_panopticon
D:2:      gammafunk_temple_overflow_pools
D:3:      lemuel_round_altar, first_bread, gup_sewer_entry_spiral,
          grunt_pakellas_basics
D:4:      overflow_temple_1_default, kennysheep_little_box,
          makhleb_grotto_becter, serial_shops, kennysheep_mini_moat,
          grunt_ministairs_15

Skill      XL: |  1  2  3  4 |
---------------+-------------+-----
Maces & Flails | 3 4 |  4.6
Fighting       | 4 |  4.1
Armour         | 4 |  4.2
Shields        | 4 |  4.3

Action                   |  1- 3 |  4- 6 || total
-------------------------+-------+-------++-------
Melee: Flail             |   117 |   213 ||   330
  Eat: Chunk             |     1 |     7 ||     8
Armor: Scale mail        |    77 |   103 ||   180
Dodge: Dodged            |    38 |    55 ||    93
Block: Shield            |    78 |   104 ||   182
